 Dungeon Crawl Stone Soup version 0.30.0-29-ga12c61a403 (webtiles) character file.

Game seed: 5642665894596417397

568 safid the Chiller (level 7, 0/55 HPs)
             Began as a Merfolk Ice Elementalist on June 22, 2023.
             Slain by Pikel
             ... wielding a +1 whip of freezing
              (3 damage)
             ... on level 4 of the Dungeon.
             The game lasted 00:05:53 (4405 turns).

safid the Chiller (Merfolk Ice Elementalist)        Turns: 4405, Time: 00:05:53

Health: 0/55       AC: 10    Str:  8    XL:     7   Next: 33%
Magic:  8/13       EV: 12    Int: 17    God:
Gold:   295        SH:  0    Dex: 14    Spells: 0/14 levels left

rFire   + . .        p - +0 long sword
rCold   . . .        (no shield)
rNeg    . . .        a - +0 robe
rPois   .            q - +0 helmet
rElec   .            (no cloak)
rCorr   .            (no gloves)
SInv    .            (no boots)
Will    .....        (no amulet)
Stlth   ++           r - ring of protection from fire
HPRegen 0.29/turn    (no ring)
MPRegen 0.13/turn

%: no passive effects
@: ice-armoured, freezing walls
A: (nimble swimmer 2), mertail
a: no special abilities


You were on level 4 of the Dungeon.
You visited 1 branch of the dungeon, and saw 4 of its levels.

You collected 295 gold pieces.

Inventory:

Hand Weapons
 p - a +0 long sword (weapon)
Armour
 a - a +0 robe (worn)
 q - a +0 helmet (worn)
Jewellery
 r - a ring of protection from fire (left hand)
Wands
 m - a wand of digging (5)
Scrolls
 b - a scroll of fear {unknown}
 d - a scroll of immolation {unknown}
 e - 5 scrolls of identify {unknown}
 f - a scroll of enchant weapon {unknown}
 g - a scroll of butterflies {unknown}
 j - 2 scrolls of magic mapping {unknown}
 k - 2 scrolls of teleportation {unknown}
 o - 4 scrolls of blinking {unknown}
 s - a scroll of noise {unknown}
Potions
 c - a potion of ambrosia {unknown}
 h - a potion of invisibility {unknown}
 i - 3 potions of curing {unknown}
 l - a potion of resistance {unknown}
 n - a potion of cancellation {unknown}
 t - 2 potions of heal wounds
 u - a potion of might {unknown}


   Skills:
 + Level 4.6 Fighting
 - Level 2.6 Dodging
 - Level 2.1 Stealth
 + Level 4.3 Spellcasting
 + Level 6.5 Ice Magic


You couldn't memorise any spells.
You knew the following spells:

 Your Spells              Type           Power      Damage    Failure   Level
a - Freeze                Ice            100%       1d10      1%          1
b - Frozen Ramparts       Ice            52%        1d8       3%          3
c - Ozocubu's Armour      Ice            26%        N/A       3%          3
d - Ozocubu's Refrigerat  Ice            13%        4d10      100%        7

Your spell library contained the following spells:

 Spells                   Type           Power      Damage    Failure   Level
 Hailstorm                Conj/Ice       14%        3d5       12%         3
 Summon Ice Beast         Ice/Summ       14%        N/A       36%         4
 Portal Projectile        Hex/Tloc       6%         N/A       41%         3
 Tukima's Dance           Hex            3%         N/A       41%         3
 Blade Hands              Tmut           1%         N/A       99%         5
 Simulacrum               Ice/Necr       7%         N/A       99%         6
 Polar Vortex             Ice            13%        N/A       100%        9


Dungeon Overview and Level Annotations

Branches:
Dungeon (4/15)
 Temple: D:4-7

Altars:

Shops:
D:3 *

Annotations:
D:4 Pikel


Innate Abilities, Weirdness & Mutations

((You are very nimble when in or above water. (Stealth+, EV+, Speed+++)))
Your lower body shifts to a powerful aquatic tail in water.


Message History

Confirm with . or Enter, or press ? or * to list all spells.
Casting: Frozen Ramparts (dangerous; 3% risk of failure)
Press: ? - help, Dir - look around, f - activate The walls around you are covered in ice.
The lemure shouts!
The wall freezes Pikel.
Unknown command.
Casting: Frozen Ramparts (dangerous; 3% risk of failure)
Confirm with . or Enter, or press ? or * to list all spells.
A film of ice covers your body!
The wall freezes Pikel.
Pikel hits you with a +1 whip of freezing!
Pikel freezes you.
The wall freezes Pikel.
Pikel barely misses you.
Unknown command.
You closely miss Pikel.
Pikel is moderately wounded.
The wall freezes Pikel.
Pikel hits you with a +1 whip of freezing!
Pikel freezes you.
The wall freezes Pikel but does no damage.
Pikel hits you with a +1 whip of freezing.
Pikel freezes you.
You closely miss Pikel.
Pikel is moderately wounded.
The wall freezes Pikel.
Pikel hits you with a +1 whip of freezing!
Pikel freezes you.
The wall freezes the lemure.
Unknown command.
You hit Pikel but do no damage.
Pikel is heavily wounded.
The wall freezes Pikel.
Pikel hits you with a +1 whip of freezing.
* * * LOW HITPOINT WARNING * * *
Pikel freezes you.
* * * LOW HITPOINT WARNING * * *
The wall freezes the lemure.
The wall freezes Pikel.
Pikel hits you with a +1 whip of freezing.
* * * LOW HITPOINT WARNING * * *
Pikel freezes you.
You die...

#..........#.# #...## ###.
#.......)....# ###..#####...
#............# ##.........
#...........## ##........
#........K..# ####...>....
#...........# ###.....##...#
#...........#####...########.#
#...........##....########....
#########.#.K@................
#.##5###........[##..#
#.##..####...###.)....
#.###..#......###).... #.#
##................
#####.######).....##......
#.(........#......#..#....
#..........#..............
#......)..................


You could see Pikel and a lemure.

Vanquished Creatures
  An ogre (D:3)
  A black bear (D:4)
  3 lemures (D:4)
  2 scorpions (D:4)
  A jelly (D:4)
  A hound (D:4)
  Terence (D:2)
  An iguana (D:4)
  7 adders
  3 ufetubi
  A worm (D:2)
  2 dart slugs
  5 orcs
  7 ball pythons
  9 bats
  2 endoplasms
  A giant cockroach (D:3)
  9 goblins
  7 hobgoblins
  8 jackals
  7 kobolds
  3 quokkas
  5 frilled lizards
  5 rats
92 creatures vanquished.

Notes
Turn   | Place    | Note
-------+----------+-------------------------------------------
     0 | D:1      | safid the Merfolk Ice Elementalist began the quest for the
                  | Orb.
     0 | D:1      | Reached XP level 1. HP: 13/13 MP: 3/3
   159 | D:1      | Reached XP level 2. HP: 18/20 MP: 5/5
   228 | D:1      | Reached skill level 1 in Fighting
   994 | D:2      | Reached XP level 3. HP: 5/26 MP: 0/6
   998 | D:2      | Learned a level 3 spell: Frozen Ramparts
  1581 | D:2      | Found a faded altar of an unknown god.
  1689 | D:2      | Reached skill level 5 in Ice Magic
  1773 | D:2      | Noticed Terence
  1787 | D:2      | Killed Terence
  1788 | D:2      | Reached XP level 4. HP: 30/33 MP: 5/8
  2354 | D:3      | Noticed an ogre
  2362 | D:3      | Killed an ogre
  2363 | D:3      | Reached XP level 5. HP: 15/41 MP: 2/10
  2367 | D:3      | Learned a level 3 spell: Ozocubu's Armour
  2877 | D:3      | Found Pinaev's Assorted Antiques.
  3066 | D:3      | Reached XP level 6. HP: 42/47 MP: 11/11
  3654 | D:4      | Reached skill level 6 in Ice Magic
  3812 | D:4      | Noticed a black bear
  3821 | D:4      | Killed a black bear
  3822 | D:4      | Reached XP level 7. HP: 50/55 MP: 6/13
  3975 | D:4      | Learned a level 7 spell: Ozocubu's Refrigeration
  4162 | D:4      | Noticed Pikel
  4405 | D:4      | Slain by Pikel

Illustrated notes

Levels and vault maps discovered:
D:1:      psy_arrival_terrarium, layout_loops_cross
D:2:      kb_forest_paths, layout_basic,
          dreamdust_ecumenical_altar_sealed_demon, uniq_terence
D:3:      layout_loops_ring, serial_shops, nicolae_shop_window_shopping
D:4:      layout_rooms, uniq_pikel

Skill      XL: |  1  2  3  4  5  6 |
---------------+-------------------+-----
Fighting       | 1 2 3 4 |  4.6
Ice Magic      | 5 6 |  6.5
Spellcasting   | 3 4 |  4.3
Dodging        | |  2.6
Stealth        | |  2.1

Action                     |  1- 3 |  4- 6 |  7- 9 || total
---------------------------+-------+-------+-------++-------
  Melee: Club              |   127 |    78 |       ||   205
         Unarmed           |     1 |       |       ||     1
         Punch             |     2 |     1 |     1 ||     4
         Long sword        |       |    49 |    20 ||    69
   Cast: Freeze            |    31 |    32 |       ||    63
         Frozen Ramparts   |       |     8 |     5 ||    13
         Ozocubu's Armour  |       |     5 |     5 ||    10
    Use: Potion            |     2 |       |       ||     2
   Stab: Sleeping          |     5 |     1 |       ||     6
 Armour: Robe              |    38 |    51 |     5 ||    94
  Dodge: Dodged            |   122 |   184 |    16 ||   322
